 Dungeon Crawl Stone Soup version 0.27.0-1-g7a089689b8 (webtiles) character file.

Game seed: 14277449852726351918

19917 xormask the Thaumaturge (level 12, -2/76 HPs)
             Began as a Deep Elf Conjurer on Aug 1, 2021.
             Was a Believer of Ashenzari.
             Hit by a silver javelin thrown by a minotaur (3 damage)
             ... in a Gauntlet.
             The game lasted 00:44:09 (14643 turns).

xormask the Thaumaturge (Deep Elf Conjurer)        Turns: 14643, Time: 00:44:09

Health: -2/76      AC:  7    Str: 13    XL:     12   Next: 40%
Magic:  15/34      EV: 16    Int: 29    God:    Ashenzari [**....]
Gold:   645        SH:  0    Dex: 13    Spells: 27/44 levels left

rFire    . . .     SeeInvis +   p - +2 flail (protect)
rCold    . . .     Faith    .   (no shield)
rNeg     . . .     Spirit   .   G - +2 robe {Will+}
rPois    +         Reflect  .   (no helmet)
rElec    .         Harm     .   l - +0 cloak of Supernal Wisdom {Fort, Self} (curse)
rCorr    .         Rampage  .   r - +0 pair of gloves of Ashenzari's Scepticism {Comp, Elem} (curse)
Will     ++...     NoTele   +   j - +0 pair of boots "Yoke of Ashenzari" {Fort, Alch} (curse)
Stlth    ++........             t - amulet of the Shackled Shame {Regen+, Self, Comp} (curse)
HPRegen  1.22/turn              I - ring "Wuqarik" {rPois Str+9}
MPRegen  0.24/turn              (no ring)

@: no status effects
A: no striking features
a: Renounce Religion, Shatter the Chains


You were in a Gauntlet.
You worshipped Ashenzari.
Ashenzari was pleased with you.
You visited 2 branches of the dungeon, and saw 12 of its levels.
You also visited: Gauntlet.

You collected 735 gold pieces.
You spent 90 gold pieces at shops.

Inventory:

Hand Weapons
 k - a +4 quarterstaff of chaos
 p - a +2 flail of protection (weapon)
 A - a +1 dagger of electrocution
Missiles
 C - a throwing net
Armour
 j - the cursed +0 pair of boots "Yoke of Ashenzari" (worn) {Fort, Alch}
   (You found it on level 2 of the Dungeon)

   It has a curse which improves the following skills: Fortitude: Armour and
   Shields.
   Alchemy:   Poison Magic and Transmutations.
 l - the cursed +0 cloak of Supernal Wisdom (worn) {Fort, Self}
   (You took it off Crazy Yiuf on level 2 of the Dungeon)

   It has a curse which improves the following skills: Fortitude: Armour and
   Shields.
   Introspection: Fighting and Spellcasting.
 r - the cursed +0 pair of gloves of Ashenzari's Scepticism (worn) {Comp, Elem}
   (You found it on level 3 of the Dungeon)

   It has a curse which improves the following skills: Companions: Summonings
   and Necromancy.
   Elements:  Fire Magic, Ice Magic, Air Magic and Earth Magic.
 F - a scarf of invisibility
 G - a +2 robe of willpower (worn)
Magical Staves
 D - a staff of poison
 H - a staff of fire
Jewellery
 t - the cursed amulet of the Shackled Shame (around neck) {Regen+, Self, Comp}
   (You found it on level 4 of the Dungeon)

   [amulet of regeneration]

   Regen:     It increases your rate of health regeneration.
   It has a curse which improves the following skills: Introspection: Fighting
   and Spellcasting.
   Companions: Summonings and Necromancy.
 E - a ring of fire
 I - the ring "Wuqarik" (left hand) {rPois Str+9}
   (You found it in a Gauntlet)

   [ring of poison resistance]

   Str:       It affects your strength (+9).
   rPois:     It protects you from poison.
Wands
 o - a wand of mindburst (10)
 w - a wand of iceblast (12)
Scrolls
 b - 4 scrolls of enchant armour
 d - 4 scrolls of magic mapping
 f - 7 scrolls of identify
 i - 2 scrolls of enchant weapon
 m - 4 scrolls of blinking
 n - 5 scrolls of amnesia
 x - a scroll of brand weapon
 y - a scroll of summoning
Potions
 a - a potion of might
 c - 2 potions of haste
 e - 2 potions of flight
 g - a potion of cancellation
 h - 2 potions of magic
 q - 4 potions of curing
 s - 2 potions of invisibility
 u - a potion of resistance
 v - 3 potions of attraction
 z - 3 potions of heal wounds
 B - 2 potions of brilliance
Miscellaneous
 J - a condenser vane


   Skills:
 + Level 7.1(9.4) Fighting
 + Level 10.4 Dodging
 - Level 2.4 Stealth
 + Level 14.6(16.5) Spellcasting
 - Level 13.5 Conjurations
 * Level 3.5 Hexes


You had 27 spell levels left.
You knew the following spells:

 Your Spells              Type           Power      Damage    Failure   Level
a - Magic Dart            Conj           100%       1d8       0%          1
b - Searing Ray           Conj           100%       3d7       0%          2
c - Iskenderun's Mystic   Conj/Tloc      58%        2d12      1%          4
d - Fulminant Prism       Conj/Hex       32%        3d16      1%          4
e - Dazzling Flash        Conj/Hex       100%       N/A       1%          3
f - Inner Flame           Hex/Fire       34%        N/A       2%          3

Your spell library contained the following spells:

 Spells                   Type           Power      Damage    Failure   Level
 Foxfire                  Conj/Fire      100%       2x1d9     1%          1
 Ensorcelled Hibernation  Hex/Ice        68%        N/A       1%          2
 Slow                     Hex            44%        N/A       1%          2
 Static Discharge         Conj/Air       59%        N/A       1%          2
 Confusing Touch          Hex            44%        N/A       1%          3
 Conjure Flame            Conj/Fire      59%        6-21      1%          3
 Sticky Flame             Conj/Fire      59%        2d7       1%          4
 Spider Form              Tmut/Pois      12%        N/A       5%          3
 Dispel Undead            Necr           25%        3d12      17%         4
 Yara's Violent Unravell  Hex/Tmut       17%        3d8       26%         5
 Shadow Creatures         Summ           N/A        N/A       95%         6
 Dispersal                Tloc           11%        N/A       96%         6
 Disjunction              Tloc           11%        N/A       100%        8


Dungeon Overview and Level Annotations

Branches:
Dungeon (11/15)            Temple (1/1) D:6            Lair (0/6) D:10
    Orc (0/2) D:9         Gauntlet (1/1)

Altars:
Ashenzari
Dithmenos
Elyvilon
Fedhas
Kikubaaqudgha
Nemelex Xobeh
Okawaru
Qazlal
Ru
Uskayaw
Yredelemnul
Zin

Annotations:
Gauntlet 4 transporters, 1 runed translucent door


Message History

Press: ? - help, Shift-Dir - straight line, f - minotaur
Aim: a minotaur, wielding the +6 hand axe "Qaxtygur" {spect, rPois Str+3 Dex+2}, wearing a +0 plate armour and quivering silver javelins (92% to hit)
The searing ray hits the minotaur.
The minotaur is lightly wounded. (Press . to maintain the ray.)
Casting: Searing Ray (safe; 0% risk of failure)
Confirm with . or Enter, or press ? or * to list all spells.
You erupt in a blast of force!
The mystic blast hits the minotaur.
The minotaur is lightly wounded.
The minotaur is knocked back by the mystic blast.
The minotaur slams into the crystal wall!
Casting: Iskenderun's Mystic Blast (dangerous; 1% risk of failure)
Confirm with . or Enter, or press ? or * to list all spells.
You erupt in a blast of force!
The mystic blast hits the minotaur.
The minotaur is lightly wounded.
The minotaur is knocked back by the mystic blast.
The minotaur slams into the crystal wall!
The minotaur hits you with the +6 hand axe "Qaxtygur" {spect, rPois Str+3 Dex+2}!!
The minotaur gores you but does no damage.
Casting: Iskenderun's Mystic Blast (dangerous; 1% risk of failure)
Confirm with . or Enter, or press ? or * to list all spells.
You erupt in a blast of force!
The mystic blast hits the minotaur!!
The minotaur is moderately wounded.
The minotaur is knocked back by the mystic blast.
The minotaur slams into the crystal wall!
Casting: Iskenderun's Mystic Blast (dangerous; 1% risk of failure)
Confirm with . or Enter, or press ? or * to list all spells.
You erupt in a blast of force!
The mystic blast hits the minotaur but does no damage.
The minotaur is moderately wounded.
The minotaur hits you with the +6 hand axe "Qaxtygur" {spect, rPois Str+3 Dex+2}!!
The minotaur gores you.
* * * LOW HITPOINT WARNING * * *
The minotaur throws a silver javelin.
The silver javelin pierces through you.
* * * LOW HITPOINT WARNING * * *
* * * LOW HITPOINT WARNING * * *
The minotaur throws a silver javelin.
The silver javelin pierces through you!!
* * * LOW HITPOINT WARNING * * *
You die...

############
###.##.##.##.##
#.....###.....#
#.##.##∩##.##.#
##.##.##.##.##.##
#....@.#.#......#
###.##.#.###.##.#
###.##.#'###.##.#
#......H........#
#.##.##.##.##.###
#.##.##.##.##.###
#...............#
##.##.##.##.##.##
###.##.##.##.##.###


You could see a minotaur.

Vanquished Creatures
  A great orb of eyes (Gauntlet)
  Erica (D:9)
  4 two-headed ogres
  2 wizards (Gauntlet)
  A cyclops (D:11)
  A worldbinder (Gauntlet)
  An ugly thing (Gauntlet)
  A moth of wrath (Gauntlet)
  An ice statue (Gauntlet)
  2 rime drakes (Gauntlet)
  6 kobold demonologists
  A komodo dragon (D:10)
  2 trolls (D:10)
  Sigmund (D:5)
  A wraith (D:11)
  A wyvern (D:8)
  A shadow (D:10)
  17 yaks
  2 wargs (D:7)
  2 water moccasins
  An acid dragon (D:8)
  3 ice beasts (D:6)
  6 orc warriors
  A black bear (D:6)
  2 necrophages
  2 boggarts (Gauntlet)
  5 wolves (Gauntlet)
  9 ogres
  A centaur (D:10)
  2 phantoms
  9 kobold brigands
  2 gnoll sergeants
  5 bullfrogs
  2 scorpions
  A water moccasin skeleton (D:6)
  7 killer bees
  5 howler monkeys (D:7)
  13 wights
  An electric eel (D:10)
  2 centaur zombies
  11 hounds
  3 gnoll shamans
  9 orc priests
  Crazy Yiuf (D:2)
  6 iguanas
  14 orc wizards
  A scorpion zombie (D:5)
  A howler monkey zombie (D:8)
  Robin (D:2)
  13 gnolls
  2 howler monkey skeletons
  5 adders
  2 shadow imps (D:7)
  5 white imps (Gauntlet)
  An ufetubus (D:5)
  An adder skeleton (D:4)
  A worm (D:3)
  3 dart slugs
  31 orcs
  8 ball pythons
  4 bats
  7 endoplasms
  4 giant cockroaches
  13 goblins
  3 hobgoblins
  6 jackals (D:2)
  4 quokkas
  4 frilled lizards
  27 kobolds
  7 rats
  A fulminant prism (D:8)
327 creatures vanquished.

Vanquished Creatures (others)
  11 fulminant prisms
  14 fungi (D:10)
  27 plants
52 creatures vanquished.

Grand Total: 379 creatures vanquished

Notes
Turn   | Place    | Note
-------+----------+-------------------------------------------
     0 | D:1      | xormask the Deep Elf Conjurer began the quest for the Orb.
     0 | D:1      | Reached XP level 1. HP: 10/10 MP: 6/6
   283 | D:1      | Reached XP level 2. HP: 15/15 MP: 2/8
   365 | D:1      | Learned a level 2 spell: Searing Ray
   622 | D:1      | Reached skill level 5 in Conjurations
  1013 | D:1      | Found a faded altar of an unknown god.
  1182 | D:1      | Became a worshipper of Ashenzari the Shackled
  1249 | D:2      | Reached XP level 3. HP: 19/19 MP: 3/10
  1767 | D:2      | Reached skill level 4 in Spellcasting
  2298 | D:2      | Reached XP level 4. HP: 24/24 MP: 10/12
  2305 | D:2      | Noticed Robin
  2310 | D:2      | Killed Robin
  2553 | D:2      | Found a runed translucent door.
  2554 | D:2      | Noticed Crazy Yiuf
  2560 | D:2      | Reached * piety under Ashenzari
  2566 | D:2      | Killed Crazy Yiuf
  2951 | D:3      | Noticed a phantom
  2958 | D:3      | Killed a phantom
  2959 | D:3      | Reached skill level 5 in Spellcasting
  2959 | D:3      | Reached XP level 5. HP: 17/28 MP: 5/14
  3093 | D:3      | Found a hide-covered altar of Uskayaw.
  3873 | D:4      | Reached XP level 6. HP: 32/32 MP: 2/16
  4038 | D:4      | Found a broken altar of Ashenzari.
  4103 | D:4      | Learned a level 4 spell: Iskenderun's Mystic Blast
  4108 | D:4      | Learned a level 4 spell: Fulminant Prism
  4112 | D:4      | Learned a level 3 spell: Dazzling Flash
  4143 | D:4      | Found a white marble altar of Elyvilon.
  4354 | D:4      | Found a sparkling altar of Nemelex Xobeh.
  4941 | D:4      | Found an iron altar of Okawaru.
  5030 | D:5      | Entered Level 5 of the Dungeon
  5046 | D:5      | Reached skill level 6 in Spellcasting
  5102 | D:5      | Reached XP level 7. HP: 36/36 MP: 9/18
  5236 | D:5      | Noticed a yak
  5242 | D:5      | Noticed a yak
  5243 | D:5      | Noticed a yak
  5244 | D:5      | Noticed a yak
  5244 | D:5      | Killed a yak
  5245 | D:5      | Reached skill level 7 in Spellcasting
  5403 | D:5      | Killed a yak
  5557 | D:4      | Killed a yak
  5558 | D:4      | Reached XP level 8. HP: 37/41 MP: 15/21
  5639 | D:5      | Noticed Sigmund
  5645 | D:5      | Killed Sigmund
  5646 | D:5      | Reached skill level 8 in Spellcasting
  5646 | D:5      | Reached skill level 10 in Conjurations
  5893 | D:5      | Reached ** piety under Ashenzari
  6414 | D:6      | Reached skill level 9 in Spellcasting
  6662 | D:6      | Reached XP level 9. HP: 45/45 MP: 19/25
  6716 | D:6      | Found a staircase to the Ecumenical Temple.
  6955 | Temple   | Entered the Ecumenical Temple
  7061 | D:6      | Found Zin's Purification Station.
  7063 | D:6      | Found a glowing silver altar of Zin.
  7069 | D:6      | Bought a potion of curing for 90 gold pieces
  7490 | D:7      | Reached skill level 10 in Spellcasting
  7512 | D:7      | Noticed a two-headed ogre
  7519 | D:7      | HP: 2/45 [two-headed ogre (14)]
  7527 | D:7      | Killed a two-headed ogre
  7751 | D:7      | Reached skill level 1 in Fighting
  8009 | D:7      | Reached XP level 10. HP: 50/54 MP: 20/28
  8024 | D:7      | Reached skill level 11 in Spellcasting
  9003 | D:7      | Found a blossoming altar of Fedhas.
  9471 | D:8      | Reached skill level 5 in Dodging
  9735 | D:8      | Identified the +5 ring mail of Melancholy {*Slow rC++ rN+++
                  | Will+}
  9835 | D:8      | Found a stormy altar of Qazlal.
 10257 | D:8      | Reached skill level 12 in Spellcasting
 10693 | D:9      | Reached XP level 11. HP: 63/64 MP: 11/30
 10992 | D:9      | Noticed Erica
 11013 | D:9      | Killed Erica
 11720 | D:9      | Found a shadowy altar of Dithmenos.
 11791 | D:9      | Found a staircase to the Orcish Mines.
 12083 | D:10     | Entered Level 10 of the Dungeon
 12225 | D:10     | Noticed a two-headed ogre
 12235 | D:10     | Killed a two-headed ogre
 12236 | D:10     | Reached skill level 5 in Fighting
 12523 | D:10     | Reached skill level 13 in Spellcasting
 12836 | D:10     | Noticed a two-headed ogre
 12841 | D:10     | Killed a two-headed ogre
 13103 | D:10     | Found a staircase to the Lair.
 13340 | D:11     | Found a gate leading to a gauntlet.
 13514 | D:11     | Noticed a two-headed ogre
 13520 | D:11     | Killed a two-headed ogre
 13546 | D:11     | Noticed a sixfirhy
 13553 | D:11     | Reached skill level 14 in Spellcasting
 13555 | D:11     | Reached XP level 12. HP: 63/75 MP: 0/33
 13566 | Gauntlet | Entered a Gauntlet
 13566 | Gauntlet | Found a transporter.
 13695 | Gauntlet | Found a transporter.
 13699 | Gauntlet | Found a transporter.
 13707 | Gauntlet | Found a transporter.
 13711 | Gauntlet | Identified the ring "Wuqarik" {rPois Str+9}
 13711 | Gauntlet | Found a transporter.
 13722 | Gauntlet | Found a transporter.
 13723 | Gauntlet | Found a transporter.
 13727 | Gauntlet | Found a runed translucent door.
 13727 | Gauntlet | Found a runed translucent door.
 13727 | Gauntlet | Noticed a great orb of eyes
 13731 | Gauntlet | Found a transporter.
 13735 | Gauntlet | Found a transporter.
 13739 | Gauntlet | Found a runed translucent door.
 13740 | Gauntlet | Found a transporter.
 13743 | Gauntlet | Found a runed translucent door.
 13746 | Gauntlet | Found a transporter.
 13782 | Gauntlet | Found a transporter.
 13794 | Gauntlet | Found a transporter.
 13806 | Gauntlet | Found a transporter.
 13826 | Gauntlet | Reached *** piety under Ashenzari
 14008 | Gauntlet | Reached skill level 10 in Dodging
 14290 | Gauntlet | Learned a level 3 spell: Inner Flame
 14312 | Gauntlet | Reached skill level 1 in Hexes
 14330 | Gauntlet | Killed a great orb of eyes
 14634 | Gauntlet | Identified the +6 hand axe "Qaxtygur" {spect, rPois Str+3
                  | Dex+2}
 14634 | Gauntlet | Noticed a minotaur
 14635 | Gauntlet | Identified the +0 ring mail "Weskeim" {Regen+ Str-2 Slay+2}
 14643 | Gauntlet | HP: 1/76 [minotaur/silver javelin (18)]
 14643 | Gauntlet | Hit by a silver javelin thrown by a minotaur

Illustrated notes

Levels and vault maps discovered:
D:1:      sevenhm_arrival_forest_fort_large_2, layout_rooms,
          shapermc_ecumenical_altar_mp_vishouse, ebering_dispersal_statue_hall,
          hangedman_decor_riveting
D:2:      layout_loops_cross, uniq_crazy_yiuf_cottage, uniq_robin
D:3:      layout_loops_ring, lemuel_tele_altar, minmay_unequal
D:4:      layout_loops_ring, mainiacjoe_overflow_alcove_4,
          overflow_temple_1_default, nicolae_ashenzari_skybound,
          elyvilon_altar_1
D:5:      layout_cave_pools, minivault_1, uniq_sigmund
D:6:      black_bear_nest_1, layout_gridville, zin_purify,
          minmay_temple_entry_tees
D:7:      lemuel_castle_with_subvaults [lemuel_castle_interior_carwin_3],
          layout_basic, fedhas_altar_fruit_tree
D:8:      layout_basic, nicolae_qazlal_scattered_showers
D:9:      layout_basic, mainiacjoe_overflow_alcove_2, uniq_erica
D:10:     layout_basic, grunt_lair_entry_orc_guard_hut
D:11:     layout_rooms, gauntlet_entry_generic, amcnicky_mini_pool_medium,
          uniq_snorg
Temple:   cyrus_circular_temple
Gauntlet: gammafunk_gauntlet_77_escape_option
          [minmay_gauntlet_arena_77_terracotta_army,
          minmay_gauntlet_arena_77_two_paths, minmay_gauntlet_arena_77_box,
          minmay_gauntlet_arena_77_shame_cube, minmay_gauntlet_arena_77_cramped,
          gauntlet_exit_green]

Skill      XL: |  1  2  3  4  5  6  7  8  9 10 11 12 |
---------------+-------------------------------------+-----
Conjurations   | 5 6 7 8 9 11 12 13 | 13.5
Spellcasting   | 4 5 6 7 9 10 12 14 | 14.6
Fighting       | 1 4 6 7 |  7.1
Dodging        | 3 6 9 10 | 10.4
Hexes          | 3 |  3.5
Stealth        | |  2.4

Action                   |  1- 3 |  4- 6 |  7- 9 | 10-12 || total
-------------------------+-------+-------+-------+-------++-------
Melee: Short sword       |     3 |       |       |       ||     3
       Quarterstaff      |       |     4 |     1 |    27 ||    32
       Flail             |       |       |       |     1 ||     1
 Cast: Magic Dart        |    82 |    83 |    90 |   122 ||   377
       Searing Ray       |       |    11 |    44 |   116 ||   171
       Fulminant Prism   |       |       |     5 |     7 ||    12
       Iskenderun's Myst |       |       |     6 |    66 ||    72
       Dazzling Flash    |       |       |       |     1 ||     1
Invok: Curse Item        |     1 |     1 |     1 |     3 ||     6
       Shatter the Chain |       |       |       |     2 ||     2
Evoke: Wand              |       |       |       |     2 ||     2
Armor: Robe              |     1 |     7 |     6 |    40 ||    54
Dodge: Dodged            |    10 |    17 |    25 |   148 ||   200
